 Dungeon Crawl Stone Soup version 0.20.1-1-g8b1a95d (webtiles) character file.

1575449 IjonTichy1 the Archmage (level 27, 252/314 HPs)
             Began as a Black Draconian Fire Elementalist on Aug 3, 2017.
             Was the Champion of Vehumet.
             Escaped with the Orb
             ... and 3 runes on Aug 15, 2017!
             The game lasted 06:19:53 (116289 turns).

IjonTichy1 the Archmage (DrFE)                    Turns: 116289, Time: 06:19:54

Health: 252/314    AC: 20    Str: 18    XL:     27
Magic:  36/63      EV: 18    Int: 38    God:    Vehumet [******]
Gold:   5254       SH: 14    Dex: 15    Spells: 0/80 levels left

rFire    + . .     SeeInvis +   M - +0 short sword "Ydijiol" {drain, Int+4 Dex+3}
rCold    + + .     Gourm    .   T - +0 shield of the Gusle {MR++ Int+3}
rNeg     + . .     Faith    .   (armour unavailable)
rPois    +         Spirit   .   s - +2 hat {SInv}
rElec    +         Reflect  .   J - +2 cloak {MR+}
rCorr    .         Harm     .   B - +0 pair of gloves of the True Pharaoh {MR+ SInv}
MR       +++++     Clarity  +   v - +0 pair of boots "Voyrphoj" {*Drain rN+ MP+9 Str+4}
Stlth    +.........             e - amulet of magic regeneration
Regen    0.7/turn               b - ring of Gybao {rPois rF+ rC+}
MPRegen  0.6/turn               c - +4 ring of intelligence

@: flying
A: breathe lightning, unfitting armour, big wings, claws 2, hooves 1, stinger 1,
see invisible, blink, clarity, clever 1, clumsy 1, cold resistance 1, sense
surroundings 1, robust 3, electricity resistance, strong 1, cold-blooded, AC +13
0: Orb of Zot
}: 3/15 runes: decaying, serpentine, silver
a: Breathe Lightning, Stop Flying, Blink, Renounce Religion


You escaped.
You worshipped Vehumet.
Vehumet was exalted by your worship.
You were not hungry.

You visited 11 branches of the dungeon, and saw 53 of its levels.
You visited 1 ziggurat, and saw 18 of its levels.
You also visited: Trove, Ossuary and Ice Cave.

You collected 8110 gold pieces.
You spent 2856 gold pieces at shops.

Inventory:

Hand Weapons
 M - the +0 short sword "Ydijiol" (weapon) {drain, Int+4 Dex+3}
   (You bought it in a shop on level 4 of the Dungeon)

   A truly terrible weapon, it drains the life of those it strikes.
   It affects your intelligence (+4).
   It affects your dexterity (+3).
 S - the +7 falchion "Dyfix" {slice, rF+++ Str-3 Dex-2 SInv}
   (You bought it in a shop on level 2 of the Vaults)

   It inflicts extra damage upon your enemies.
   It affects your strength (-3).
   It affects your dexterity (-2).
   It renders you almost immune to fire.
   It lets you see invisible.
Armour
 s - a +2 hat of see invisible (worn)
 v - the +0 pair of boots "Voyrphoj" (worn) {*Drain rN+ MP+9 Str+4}
   (You found it in an ice cave)

   It affects your strength (+4).
   It protects you from negative energy.
   It affects your magic capacity (+9).
   It causes draining when unequipped.
 B - the +0 pair of gloves of the True Pharaoh (worn) {MR+ SInv}
   (You found it on level 5 of the Vaults)

   It affects your resistance to hostile enchantments.
   It lets you see invisible.
 D - a +1 pair of boots of running
 J - a +2 cloak of magic resistance (worn)
 T - the +0 shield of the Gusle (worn) {MR++ Int+3}
   (You bought it in a shop on level 12 of the Dungeon)

   It affects your intelligence (+3).
   It affects your resistance to hostile enchantments.
Jewellery
 a - the amulet of Vehumet's Hope {rC- Regen+ Int+7}
   (You found it on level 16 of a ziggurat)

   [amulet of regeneration]

   It affects your intelligence (+7).
   It makes you vulnerable to cold.
   It increases your rate of regeneration.
 b - the ring of Gybao (left hand) {rPois rF+ rC+}
   (You bought it in a shop on level 4 of the Dungeon)

   [ring of protection from cold]

   It protects you from fire.
   It protects you from cold.
   It protects you from poison.
 c - a +4 ring of intelligence (right hand)
 d - the ring of Traps {rN+ Int+3}
   (You found it on level 2 of the Depths)

   [ring of positive energy]

   It affects your intelligence (+3).
   It protects you from negative energy.
 e - an amulet of magic regeneration (around neck)
 f - an uncursed ring of protection from cold
 h - the ring of Equivalence {rF+ MR+ Dex+6}
   (You found it in a treasure trove)

   [ring of dexterity]

   It affects your dexterity (+6).
   It protects you from fire.
   It affects your resistance to hostile enchantments.
 i - an uncursed ring of protection from fire
 m - the amulet "Dofudune" {Faith rF+ Int+2 Stlth+}
   (You found it in a treasure trove)

   [amulet of faith]

   It allows you to gain divine favour quickly.
   It affects your intelligence (+2).
   It protects you from fire.
   It makes you more stealthy.
 t - the ring "Uthagor" {rCorr MR++ SInv}
   (You found it in a treasure trove)

   [ring of resist corrosion]

   It affects your resistance to hostile enchantments.
   It lets you see invisible.
 z - an uncursed ring of protection from fire
 R - a +5 amulet of reflection
Wands
 j - a wand of clouds (2/9)
 o - a wand of polymorph (16/24)
 W - a wand of digging (0/24)
Scrolls
 g - 6 scrolls of identify
 n - a scroll of enchant weapon
 q - 10 scrolls of fear
 u - 14 scrolls of fog
 w - 16 scrolls of recharging
 x - 19 scrolls of teleportation
 E - 13 scrolls of enchant armour
Potions
 l - 2 potions of heal wounds
 A - 8 potions of haste
 F - 3 potions of might
 G - 3 potions of resistance
 I - 2 potions of berserk rage
 L - 2 potions of agility
 N - 7 potions of curing
 X - 6 potions of cancellation
Books
 y - a Necronomicon

   Spells                             Type                      Level
   a - Haunt                          Necromancy/Summoning         7
   b - Borgnjor's Revivification      Necromancy                   8
   c - Death's Door                   Charms/Necromancy            8
   d - Infestation                    Necromancy                   8
   e - Necromutation                  Transmutation/Necromancy     8
 H - a book of Conjurations

   Spells                             Type                      Level
   a - Magic Dart                     Conjuration                  1
   b - Searing Ray                    Conjuration                  2
   c - Dazzling Spray                 Conjuration/Hexes            3
   d - Fulminant Prism                Conjuration/Hexes            4
   e - Force Lance                    Conjuration/Translocation    4
   f - Iskenderun's Mystic Blast      Conjuration                  4
 O - a book of Unlife

   Spells                             Type                      Level
   a - Recall                         Summoning/Translocation      3
   b - Animate Dead                   Necromancy                   4
   c - Control Undead                 Necromancy                   4
   d - Cigotuvi's Embrace             Necromancy                   5
   e - Death Channel                  Necromancy                   6
   f - Simulacrum                     Ice/Necromancy               6
 P - a book of the Warp

   Spells                             Type                      Level
   a - Gell's Gravitas                Translocation                3
   b - Portal Projectile              Hexes/Translocation          3
   c - Force Lance                    Conjuration/Translocation    4
   d - Dispersal                      Translocation                6
   e - Controlled Blink               Translocation                8
   f - Disjunction                    Translocation                8
Comestibles
 Q - 28 bread rations
 V - 44 royal jellies


   Skills:
 - Level 18.8 Fighting
 - Level 9.2 Dodging
 - Level 2.0 Stealth
 - Level 15.0 Shields
 O Level 27 Spellcasting
 + Level 22.0 Conjurations
 - Level 5.4 Charms
   Level 10.0 Summonings
 - Level 3.1 Necromancy
 - Level 15.0 Translocations
 + Level 20.9 Fire Magic
 + Level 16.6 Ice Magic
 O Level 27 Air Magic
 - Level 2.1 Earth Magic


You couldn't memorise any spells.
You knew the following spells:

 Your Spells              Type           Power        Failure   Level  Hunger
a - Bolt of Fire          Conj/Fire      ########..   0%          6    None
b - Iron Shot             Conj/Erth      #######...   1%          6    None
c - Ignition              Fire           ########..   1%          8    None
d - Glaciate              Conj/Ice       ########..   2%          9    None
e - Deflect Missiles      Chrm/Air       ########..   1%          6    None
f - Regeneration          Chrm/Necr      ######....   1%          3    None
g - Fire Storm            Conj/Fire      ########..   1%          9    None
h - Blink                 Tloc           N/A          0%          2    None
i - Orb of Destruction    Conj           ########..   1%          7    None
j - Controlled Blink      Tloc           N/A          4%          8    None
k - Dispel Undead         Necr           ######..     2%          5    None
l - Sublimation of Blood  Necr           ######....   1%          2    None
n - Tornado               Air            ########..   1%          9    None


Dungeon Overview and Level Annotations

Branches:
Dungeon (15/15)            Temple (1/1) D:5            Lair (6/6) D:10
  Swamp (4/4) Lair:3        Snake (4/4) Lair:4        Slime (0/5) Lair:6
    Orc (2/2) D:11            Elf (3/3) Orc:2        Vaults (5/5) D:13
  Crypt (3/3) Vaults:2       Tomb (0/3) Crypt:3      Depths (5/5) D:15
    Zot (5/5) Depths:5

Altars:
Ashenzari
Cheibriados
Dithmenos
Elyvilon
Fedhas
Gozag
Hepliaklqana
Kikubaaqudgha
Makhleb
Nemelex Xobeh
Okawaru
Qazlal
Ru
Sif Muna
Trog
Uskayaw
Vehumet
Xom
Yredelemnul
Zin
The Shining One
Beogh

Shops:
D:4 !*([   D:5 }   D:9 !   D:12 [??*}   Orc:2 }(%?   Elf:1 :[   Vaults:2 *
Vaults:3 *?   Vaults:4 ?   Depths:2 %

Portals:
Hell: Depths:1 Depths:2 Depths:3 Depths:4 Depths:5
Abyss: Depths:1 Depths:3 Depths:4 Depths:5
Pandemonium: Orc:2 Depths:3

Annotations:
Snake:1 exclusion: upstairs


Innate Abilities, Weirdness & Mutations

You can breathe wild blasts of lightning.
Your glossy black scales are hard. (AC +13)
You cannot fit into any form of body armour.
Your large and strong wings let you fly indefinitely.
You are resistant to electric shocks. (rElec)
You are cold-blooded and may be slowed by cold attacks.
You have very sharp fingernails.
You have large cloven feet.
Your tail ends in a poisonous barb.
You have supernaturally acute eyesight. (SInv)
You can translocate small distances at will.
You possess an exceptional clarity of mind.
Your mind is acute. (Int +2)
You are clumsy. (Dex -2)
Your flesh is cold resistant. (rC+)
You passively map a small area around you.
You are extremely robust. (+30% HP)
Your muscles are strong. (Str +2)


Message History

The reaper is frozen into a solid block of ice!
You kill the reaper!
Vehumet accepts your kill.
You feel your power returning.
Unknown command.
A chaos spawn comes into view.
The chaos spawn gurgles horribly!
The chaos spawn closely misses you. You block the chaos spawn's attack.
Things that are here:
a great sword of flaming; glowing fire dragon scales You see here a scimitar of flaming.
You block the chaos spawn's attack.
Really fly into that cloud of freezing vapour?
You are engulfed in freezing vapours.
You resist.
There is an open door here.
There is a staircase leading out of the dungeon here.
The reaper shaped block of ice melts away.
The chaos spawn gores you but does no damage.
You have escaped!

#########.....# #......# #.#.#..
..........#.#.###.####.####.#.#..
###..####.#......................
###..####.###.##..#...........#.#
#......##.###.##†.#.....##.####.#
#.#..#.##.....##.......###.# #..
......(...#########...####.# #..
.....####.# ##...##.......# ##.
####.####.# #..@..#.####### #.
#.......######..4..###### ###.
...#.####...###...###...### #...
.....##.......##'##.......####..#
...###.........#.#.........##...#
...# #.........')).........##.###
...# #.........#)#.........##...#
...# ##.......##'##.......###...#
...# ###...####.####...#####.#..


You could see a chaos spawn.

Vanquished Creatures
  A seraph (D:1)
  8 ancient liches
  Mennas (Depths:4)
  4 orbs of fire (Zot:5)
  A juggernaut (Zig:3)
  Mara (Vaults:3)
  Sojobo (Depths:1)
  Bai Suzhen (Depths:1)
  Margery (Depths:4)
  Saint Roka (Vaults:1)
  Xtahua (Vaults:3)
  3 curse toes (Zot:5)
  A caustic shrike (Zig:6)
  6 Killer Klowns
  The ghost of feelmyfire the Executioner, an adept HOBe of Trog (Elf:3)
  12 golden dragons
  Jory (Depths:4)
  7 pandemonium lords
  2 profane servitors
  5 bone dragons
  5 Brimstone Fiends (Zig:18)
  7 electric golems
  A Tzitzimitl (Zig:18)
  The ghost of shugdite the Minotaur Blade, an adept MiFi of Okawaru (Vaults:2)
  Jorgrun (Vaults:2)
  16 tentacled monstrosities
  A hellephant (Zig:8)
  An Ice Fiend (IceCv)
  A Hell Sentinel (Zig:18)
  Rupert (Lair:3)
  8 liches
  4 quicksilver dragons
  3 deep elf master archers (Elf:3)
  29 Orb Guardians
  6 titans
  2 deep elf blademasters (Elf:3)
  5 sphinxes
  5 tentacled starspawn
  9 ancient champions
  An eldritch tentacle (D:1)
  Gastronok (D:11)
  2 Executioners
  16 death cobs
  7 tengu reavers
  2 thorn hunters
  A storm dragon (shapeshifter) (Zig:11)
  16 shadow dragons
  20 storm dragons
  13 fire giants
  8 revenants
  14 nagarajas
  29 vault wardens
  10 draconian monks
  11 frost giants
  A fire giant (shapeshifter) (Depths:3)
  13 draconian knights
  3 blood saints (Zig:18)
  An orc warlord (Zig:7)
  5 ghost moths
  A corrupter (Zig:13)
  2 balrugs
  2 warmongers (Zig:18)
  11 deep elf sorcerers
  9 deep elf elementalists
  4 draconian stormcallers
  6 iron dragons
  An emperor scorpion (Zig:14)
  Louise (Snake:1)
  An angel (Depths:1)
  2 draconian scorchers
  9 reapers
  28 ironheart preservers
  A cacodemon (Zig:18)
  6 draconian shifters
  4 draconian annihilators
  10 curse skulls
  7 ghouls
  The ghost of KobiteSteele the Covert, a journeyman MiFi of Okawaru (D:10)
  A juggernaut skeleton (Zig:10)
  31 stone giants
  2 war gargoyles (Vaults:5)
  20 very ugly things
  8 green draconians
  A spriggan defender (Depths:4)
  The ghost of vomix the Severer, a journeyman MiBe of Trog (Lair:6)
  2 entropy weavers
  17 vampire knights
  The ghost of Caractacus the Peltast, a journeyman MiFi of Qazlal (Lair:6)
  7 deep elf demonologists
  A dire elephant (Zig:6)
  5 black suns (Zig:18)
  11 purple draconians
  The ghost of dscm the Grappler, a journeyman DrTm of Qazlal (Lair:6)
  A lorocyproca (D:1)
  Nessos (Orc:2)
  Azrael (Snake:2)
  9 black draconians
  13 deep elf annihilators
  8 yellow draconians
  A spectral titan (Crypt:3)
  15 red draconians
  13 white draconians
  17 deep elf death magi
  7 spark wasps
  8 blizzard demons
  6 merfolk javelineers
  A spectral quicksilver dragon (Crypt:3)
  A crystal guardian (Vaults:4)
  A mummy priest (Crypt:3)
  16 ettins
  5 merfolk impalers
  A green death (Zig:15)
  A quicksilver dragon zombie (Zig:10)
  6 deep elf high priests
  13 eidola
  Josephine (D:13)
  11 fire dragons
  13 jiangshi
  13 great orbs of eyes
  19 yaktaur captains
  37 vault guards
  The ghost of Greyaxe the Blocker, a journeyman MiFi of Yredelemnul (Lair:1)
  13 ice dragons
  A hydra (shapeshifter) (Depths:2)
  Fannar (Lair:1)
  A hell beast (Depths:5)
  20 naga warriors
  32 hydras
  6 rakshasas
  A catoblepas (shapeshifter) (Zig:11)
  3 ghost crabs
  2 spriggan air magi (Depths:5)
  2 merfolk avatars (Zig:16)
  8 alligators
  12 centaur warriors
  A juggernaut simulacrum (Depths:2)
  A catoblepas (Lair:6)
  A merfolk aquamancer (Zig:16)
  13 anacondas
  27 dancing weapons
  The ghost of equalderp2856 the Cleaver, a novice MiFi (Lair:1)
  2 death knights
  An alligator (shapeshifter) (Zig:11)
  30 ogre magi
  A spectral fire giant (Crypt:3)
  6 small abominations
  4 death yaks
  8 deep troll shamans
  4 spriggan berserkers
  A satyr (Zig:16)
  A spectral dire elephant (Crypt:3)
  A hell hog (Depths:1)
  12 deep troll earth magi
  9 tengu warriors
  75 two-headed ogres
  9 orc high priests
  13 naga sharpshooters
  2 thrashing horrors
  8 vampire magi
  10 shock serpents
  A shock serpent (shapeshifter) (Zig:5)
  2 sun demons
  18 hell knights
  3 soul eaters
  10 skeletal warriors
  21 deep elf knights
  An iron troll (Depths:5)
  3 wretched stars
  A death drake (shapeshifter) (Depths:2)
  2 salamander mystics
  A fire crab (shapeshifter) (Elf:3)
  A spark wasp zombie (Depths:1)
  17 shadow wraiths
  19 large abominations
  2 unseen horrors
  6 starcursed masses
  2 sixfirhies
  2 shambling mangroves
  5 glowing orange brains
  3 sea snakes (Zig:16)
  6 spriggan druids
  A glowing orange brain (shapeshifter) (Vaults:5)
  2 torturous demonspawn (Orc:2)
  9 flayed ghosts
  15 swamp dragons
  42 deep trolls
  33 phantasmal warriors
  A gelid demonspawn (D:1)
  2 shadow demons
  A swamp dragon (shapeshifter) (D:15)
  9 naga ritualists
  A cherub (D:1)
  27 deep elf archers
  A golden dragon skeleton (Zig:10)
  23 orc knights
  3 wizards
  A spectral hydra (Crypt:3)
  35 harpies
  11 necromancers
  72 deep elf magi
  24 ironbrand convokers
  A shadow dragon zombie (Crypt:2)
  4 oklob plants (Zig:18)
  An anaconda skeleton (Crypt:1)
  A wolf spider (shapeshifter) (Depths:2)
  11 mana vipers
  10 wolf spiders
  2 wolf spider zombies
  2 mana vipers (shapeshifter)
  2 iron dragon zombies
  45 ugly things
  11 salamanders
  A sphinx skeleton (Crypt:2)
  8 cyclopes
  3 fauns (Zig:16)
  7 manticores
  4 orb spiders (Zig:14)
  An elephant (shapeshifter) (Vaults:5)
  5 orc sorcerers
  2 merfolk sirens (Zig:16)
  A salamander (shapeshifter) (Vaults:2)
  30 moths of wrath
  8 elephants
  2 centaur zombies
  6 guardian serpents
  5 rust devils
  A fire giant skeleton (Crypt:3)
  22 vault sentinels
  35 black mambas
  39 naga magi
  2 water nymphs (Zig:16)
  2 orange demons
  A gargoyle (D:14)
  An eye of devastation (Depths:1)
  An eye of devastation (shapeshifter) (Vaults:2)
  2 ice statues
  18 spiny frogs
  2 stone giant skeletons
  An apocalypse crab (Zig:15)
  4 smoke demons
  A spiny frog (shapeshifter) (Vaults:3)
  5 spectral swamp worms (Depths:5)
  A black draconian zombie (Crypt:1)
  5 torpor snails
  A rime drake (Lair:6)
  11 komodo dragons
  A kobold demonologist (D:12)
  7 tormentors (Zig:18)
  6 efreet
  52 yaktaurs
  2 golden dragon simulacra (IceCv)
  3 anaconda simulacra (IceCv)
  18 freezing wraiths
  6 guardian mummies (Crypt:3)
  4 demonic crawlers (Zig:14)
  6 jumping spiders
  2 ancient zymes (Zig:15)
  7 red devils
  15 merfolk (Zig:16)
  8 ice devils (IceCv)
  6 tengu conjurers
  2 hydra zombies
  A yaktaur skeleton (Vaults:1)
  A yellow draconian skeleton (Crypt:3)
  A queen bee (D:10)
  31 hornets
  9 polar bears
  2 trolls (shapeshifter)
  A tyrant leech (shapeshifter) (Vaults:4)
  2 merfolk (shapeshifter)
  2 hornets (shapeshifter)
  13 trolls
  A wolf spider simulacrum (IceCv)
  A sphinx simulacrum (Vaults:3)
  3 wind drakes (Zig:16)
  A raiju (shapeshifter) (Vaults:5)
  Prince Ribbit (D:7)
  2 blink frogs (Zig:8)
  12 bog bodies
  56 slime creatures
  A death drake skeleton (Crypt:3)
  A deep troll zombie (Depths:1)
  17 hippogriffs
  8 tyrant leeches
  2 spriggan zombies (Depths:2)
  3 raiju
  A hippogriff (shapeshifter) (Depths:2)
  2 snapping turtles (Zig:16)
  A blink frog (shapeshifter) (Vaults:4)
  A snapping turtle (shapeshifter) (D:13)
  7 dream sheep
  2 fire dragon zombies
  A deep troll skeleton (Depths:1)
  2 dire elephant simulacra (IceCv)
  16 flying skulls
  6 ynoxinuls
  8 air elementals
  21 shadows
  32 water elementals
  A redback (shapeshifter) (Vaults:3)
  23 spriggans
  5 redbacks
  7 tarantellas (Zig:14)
  2 yaks (shapeshifter)
  A vampire (D:13)
  49 yaks
  4 hungry ghosts
  4 wyverns
  12 fire elementals
  17 wraiths
  A hog (shapeshifter) (Depths:3)
  3 basilisks
  3 golden eyes (shapeshifter)
  2 steam dragons (D:11)
  5 chaos spawn
  4 neqoxecs
  A death yak simulacrum (IceCv)
  65 nagas
  30 vampire mosquitoes
  8 wargs
  4 harpy simulacra (IceCv)
  26 insubstantial wisps
  3 iron troll simulacra (IceCv)
  2 soldier ants
  21 swamp worms
  2 acid dragons
  Duvessa (D:7)
  17 water moccasins
  4 hydra simulacra (IceCv)
  A spiny frog zombie (Crypt:2)
  11 hell hounds
  5 porcupines
  2 floating eyes (Depths:1)
  A merfolk skeleton (Crypt:3)
  91 orc warriors
  A porcupine (shapeshifter) (Vaults:4)
  10 swamp drakes
  5 black bears
  A tengu skeleton (Depths:2)
  7 ice beasts
  An ice dragon simulacrum (Depths:1)
  3 necrophages
  5 phantoms
  4 sky beasts
  A snapping turtle zombie (Crypt:2)
  A dream sheep zombie (Crypt:2)
  5 eyes of draining
  The ghost of afaf the Covered, an amateur BaFi of Okawaru (D:4)
  2 ettin simulacra
  70 ogres
  21 boggarts
  A tengu (shapeshifter) (Elf:2)
  An orc skeleton (Vaults:1)
  22 wolves
  A centaur (shapeshifter) (Depths:2)
  20 centaurs
  A rime drake zombie (Crypt:1)
  A swamp dragon skeleton (Crypt:2)
  17 crocodiles
  A torpor snail zombie (Crypt:1)
  3 big kobolds
  3 elf zombies
  A human skeleton (Vaults:1)
  A gnoll sergeant (D:10)
  13 bullfrogs
  Dowan (D:7)
  2 elf simulacra
  3 wyvern skeletons
  2 scorpions
  A troll zombie (Crypt:1)
  2 water moccasin skeletons
  A snapping turtle simulacrum (Crypt:3)
  A queen bee zombie (Crypt:3)
  32 killer bees
  14 wights
  7 howler monkeys
  7 electric eels
  5 bullfrog zombies
  7 jellies
  7 crimson imps
  3 draconian simulacra (IceCv)
  2 quasits
  A gnoll shaman (D:9)
  A human zombie (Ossuary)
  43 orc priests
  8 bullfrog skeletons
  7 hounds
  10 centaur skeletons
  38 orc wizards
  4 iguanas
  An iron imp (Depths:4)
  A lightning spire (Zig:15)
  A spriggan simulacrum (IceCv)
  9 worker ants
  A porcupine skeleton (Crypt:1)
  4 troll simulacra (IceCv)
  A tengu zombie (Crypt:3)
  4 centaur simulacra (IceCv)
  A naga skeleton (Crypt:2)
  2 hound zombies
  4 mummies (Ossuary)
  A howler monkey zombie (D:6)
  2 worker ant zombies (D:11)
  11 gnolls
  A howler monkey skeleton (D:11)
  12 adders
  7 shadow imps
  8 white imps
  8 ufetubi (IceCv)
  2 oozes (Lair:6)
  2 adder skeletons
  5 adder zombies
  A worm (shapeshifter) (Vaults:1)
  5 worms
  3 dart slugs
  5 leopard geckos
  161 orcs
  5 bats
  2 bat skeletons
  5 giant cockroaches
  2 gnoll zombies (Ossuary)
  6 goblins
  7 hobgoblins
  12 jackals
  6 quokkas
  5 frilled lizards
  2 goblin zombies
  2 hobgoblin zombies (Ossuary)
  11 kobolds
  A kobold zombie (Ossuary)
  A leopard gecko skeleton (D:3)
  7 rats
  A rat zombie (Crypt:1)
  5 blocks of ice
  16 crawling corpses
  11 fire vortices
  4 fungi
  10 plants
  3 starspawn tentacles
3579 creatures vanquished.

Vanquished Creatures (collateral kills)
  A Killer Klown (Zot:5)
  A tentacled monstrosity (Zot:1)
  A death cob (Zot:3)
  A shadow dragon (Zot:4)
  An ironheart preserver (Vaults:1)
  A draconian stormcaller (Zot:3)
  A black draconian (Zot:3)
  A spark wasp (Depths:2)
  An anaconda (Snake:1)
  A shock serpent (Snake:1)
  A deep troll (Vaults:1)
  A guardian serpent (Snake:1)
  A human zombie (Vaults:1)
  An orange demon (Zig:18)
14 creatures vanquished.

Vanquished Creatures (others)
  A hell hog (Depths:1)
  A deep elf archer (Vaults:1)
  2 moths of wrath (Zot:5)
  A large abomination (Elf:1)
  A wyvern (Lair:6)
  A swamp worm (Swamp:4)
  An ogre (Depths:2)
  51 blocks of ice
  106 fire vortices
  6 fungi
  69 plants
  3 starspawn tentacles (Zig:15)
243 creatures vanquished.

Grand Total: 3836 creatures vanquished

Notes
Turn   | Place    | Note
-------+----------+-------------------------------------------
     0 | D:1      | IjonTichy1 the Draconian Fire Elementalist began the quest for the Orb.
     0 | D:1      | Reached XP level 1. HP: 14/14 MP: 3/3
   266 | D:1      | Reached XP level 2. HP: 12/20 MP: 1/5
  1462 | D:2      | Reached XP level 3. HP: 26/26 MP: 6/6
  1466 | D:2      | Learned a level 2 spell: Throw Flame
  1470 | D:2      | Learned a level 3 spell: Conjure Flame
  1629 | D:2      | Reached XP level 4. HP: 29/33 MP: 6/8
  2244 | D:3      | Reached XP level 5. HP: 34/38 MP: 9/9
  2346 | D:3      | You fall through a shaft for 3 floors!
  2389 | D:6      | Noticed an orc warrior
  2453 | D:5      | Entered Level 5 of the Dungeon
  2463 | D:5      | Found Eruvum's Gadget Boutique.
  2464 | D:5      | Noticed a wyvern
  2524 | D:5      | Learned a level 4 spell: Sticky Flame
  2548 | D:4      | Found Tyossuis's Armour Boutique.
  2887 | D:4      | Noticed a phantom
  2890 | D:4      | Reached XP level 6. HP: 32/45 MP: 7/11
  2926 | D:4      | Reached skill level 5 in Fire Magic
  3457 | D:4      | Your scales start taking on a glossy black colour.
  3457 | D:4      | Reached XP level 7. HP: 46/50 MP: 11/13
  3457 | D:4      | Gained mutation: You are resistant to electric shocks. (rElec) [Black Draconian growth]
  3461 | D:4      | Noticed afaf's ghost (amateur BaFi)
  3462 | D:4      | Found Buqous's Antique Weapon Emporium.
  3533 | D:4      | Killed afaf's ghost
  3689 | D:4      | Found Gatit's Assorted Antiques.
  4062 | D:4      | Found Ujaife Daerch's Distillery.
  4113 | D:5      | Found a staircase to the Ecumenical Temple.
  4120 | Temple   | Entered the Ecumenical Temple
  4197 | Temple   | Became a worshipper of Vehumet
  4505 | D:5      | Reached skill level 5 in Conjurations
  4578 | D:5      | Reached skill level 5 in Spellcasting
  4644 | D:5      | Reached XP level 8. HP: 25/57 MP: 1/15
  5995 | D:6      | Reached * piety under Vehumet
  5995 | D:6      | Offered knowledge of Sting by Vehumet.
  6216 | D:7      | Found a sand-covered staircase.
  6225 | Ossuary  | Entered an ossuary
  6690 | D:4      | Bought a transparent platinum ring for 120 gold pieces
  6690 | D:4      | Identified the ring of Gybao {rPois rF+ rC+} (You bought it in a shop on level 4 of the Dungeon)
  6809 | D:7      | Noticed Prince Ribbit
  6866 | D:7      | Killed Prince Ribbit
  6866 | D:7      | Reached XP level 9. HP: 56/62 MP: 18/18
  7245 | D:7      | Noticed Duvessa
  7254 | D:7      | Killed Duvessa
  7257 | D:7      | Noticed Dowan
  7400 | D:7      | Killed Dowan
  7400 | D:7      | Reached ** piety under Vehumet
  7403 | D:7      | Offered knowledge of Throw Frost by Vehumet.
  7925 | D:8      | Found a shattered altar of Ashenzari.
  7988 | D:8      | Paralysed by a hornet for 1 turns
  7991 | D:8      | Paralysed by a hornet for 3 turns
  7997 | D:8      | HP: 3/62 [poisoned by a hornet]
  8003 | D:8      | HP: 1/62 [poisoned by a hornet]
  8009 | D:8      | HP: 2/93 [poisoned by a hornet]
  8017 | D:8      | HP: 2/93 [poisoned by a hornet]
  8757 | D:8      | Gained mutation: Potions are less effective at restoring your health. [potion of mutation]
  8757 | D:8      | Gained mutation: You have sharp toenails. [potion of mutation]
  8758 | D:8      | Lost mutation: Potions are less effective at restoring your health. [potion of mutation]
  8758 | D:8      | Lost mutation: You have sharp toenails. [potion of mutation]
  8758 | D:8      | Gained mutation: You are frail. (-10% HP) [potion of mutation]
  8758 | D:8      | Gained mutation: You evolve. [potion of mutation]
  8758 | D:8      | Lost mutation: You are frail. (-10% HP) [potion of mutation]
  8758 | D:8      | Gained mutation: You have sharp fingernails. [potion of mutation]
  8781 | D:8      | Noticed a two-headed ogre
  8794 | D:8      | Killed a two-headed ogre
  8794 | D:8      | Reached XP level 10. HP: 45/69 MP: 15/21
  8860 | D:8      | Gained mutation: You are agile. (Dex +2) [evolution]
  8867 | D:8      | Learned a level 5 spell: Fireball
  9027 | D:8      | Learned a level 3 spell: Regeneration
  9274 | D:8      | Reached skill level 1 in Charms
  9274 | D:8      | Reached skill level 1 in Necromancy
  9483 | D:8      | Offered knowledge of Static Discharge by Vehumet.
  9488 | D:8      | Learned a level 3 spell: Static Discharge
  9576 | D:4      | Bought a +0 cloak of magic resistance for 149 gold pieces
  9910 | D:9      | Reached *** piety under Vehumet
 10432 | D:9      | Noticed a two-headed ogre
 10436 | D:9      | Killed a two-headed ogre
 10440 | D:9      | Gained mutation: Your tail ends in a poisonous barb. [evolution]
 10577 | D:9      | Offered knowledge of Mephitic Cloud by Vehumet.
 10928 | D:9      | Learned a level 5 spell: Bolt of Magma
 11078 | D:9      | Found Bepicrum's Distillery.
 11501 | D:9      | Reached skill level 1 in Shields
 11505 | D:9      | Reached XP level 11. HP: 82/82 MP: 12/24
 11709 | D:4      | Bought an ivory short sword for 152 gold pieces
 11709 | D:4      | Identified the cursed +0 short sword "Ydijiol" {drain, Int+4 Dex+3} (You bought it in a shop on level 4 of the Dungeon)
 11856 | D:10     | Entered Level 10 of the Dungeon
 11943 | D:10     | Noticed a two-headed ogre
 11958 | D:10     | Killed a two-headed ogre
 12487 | D:10     | Reached skill level 5 in Shields
 12555 | D:10     | Reached **** piety under Vehumet
 12580 | D:10     | Offered knowledge of Fulminant Prism by Vehumet.
 13017 | D:10     | Learned a level 2 spell: Blink
 13244 | D:10     | Reached ***** piety under Vehumet
 13283 | D:10     | Found a staircase to the Lair.
 13412 | D:10     | Noticed KobiteSteele's ghost (journeyman MiFi)
 13436 | D:10     | Killed KobiteSteele's ghost
 13646 | D:11     | Noticed a purple ugly thing
 13649 | D:11     | Killed a purple ugly thing
 13650 | D:11     | Noticed a red ugly thing
 13708 | D:11     | Killed a red ugly thing
 13976 | D:11     | Noticed Gastronok
 14064 | D:11     | Offered knowledge of Bolt of Draining by Vehumet.
 14067 | D:11     | Noticed a deep elf mage
 14068 | D:11     | Killed a deep elf mage
 14431 | D:10     | Reached XP level 12. HP: 85/93 MP: 4/25
 14807 | D:10     | Gained mutation: You possess an exceptional clarity of mind. [evolution]
 14924 | D:10     | Noticed a two-headed ogre
 14927 | D:10     | Killed a two-headed ogre
 14927 | D:10     | Reached skill level 5 in Fighting
 15234 | D:11     | Killed Gastronok
 15234 | D:11     | Reached skill level 5 in Dodging
 15234 | D:11     | Reached skill level 10 in Spellcasting
 15527 | D:11     | Found a staircase to the Orcish Mines.
 15966 | D:12     | Found Gifebbul's Magic Scroll Shoppe.
 16161 | D:12     | Found Yqyi's General Store.
 16163 | D:12     | Found a glowing silver altar of Zin.
 16172 | D:12     | Found Loc Simp's Gadget Boutique.
 16282 | D:12     | Found Vokh's Magic Scroll Shoppe.
 16430 | D:12     | Found a portal to a secret trove of treasure.
 16587 | D:12     | Found Qaorino's Armour Boutique.
 16601 | D:12     | Noticed a two-headed ogre
 16775 | D:12     | Killed a two-headed ogre
 17754 | D:13     | Noticed a two-headed ogre
 17908 | D:12     | Killed a two-headed ogre
 17909 | D:12     | Offered knowledge of Poison Arrow by Vehumet.
 18131 | D:13     | Reached skill level 10 in Conjurations
 18297 | D:13     | Noticed a tengu warrior
 18409 | D:13     | Killed a tengu warrior
 18556 | D:13     | Noticed Josephine
 18638 | D:12     | Reached XP level 13. HP: 102/102 MP: 12/28
 18823 | D:13     | Killed Josephine
 19023 | D:12     | Learned a level 7 spell: Orb of Destruction
 19776 | D:13     | Found a gate to the Vaults.
 20925 | D:14     | Offered knowledge of Lightning Bolt by Vehumet.
 21532 | D:14     | Found a bloodstained altar of Trog.
 21574 | D:14     | Found a sacrificial altar of Ru.
 21681 | D:15     | Entered Level 15 of the Dungeon
 21936 | D:15     | Noticed a fire dragon
 21951 | D:15     | Found a staircase to the Depths.
 22283 | D:15     | Gained mutation: Your large and strong wings let you fly indefinitely. [Black Draconian growth]
 22283 | D:15     | Reached XP level 14. HP: 110/110 MP: 30/31
 22337 | D:15     | Learned a level 6 spell: Freezing Cloud
 22463 | D:15     | Reached skill level 1 in Ice Magic
 23719 | Orc:1    | Entered Level 1 of the Orcish Mines
 23766 | D:11     | Reached skill level 5 in Ice Magic
 23801 | D:11     | Gained mutation: Your flesh is cold resistant. (rC+) [evolution]
 24199 | Orc:2    | Entered Level 2 of the Orcish Mines
 24672 | Orc:2    | Noticed Nessos
 24677 | Orc:2    | Killed Nessos
 25119 | Orc:2    | Found Iva Wih's Magic Scroll Shoppe.
 25134 | Orc:2    | Found Monyosae's Food Emporium.
 25379 | Orc:2    | Found a staircase to the Elven Halls.
 26557 | Orc:2    | Offered knowledge of Yara's Violent Unravelling by Vehumet.
 27082 | Orc:2    | Found Jetaogoq's Antique Weapon Shop.
 27082 | Orc:2    | Found Suwom's Gadget Boutique.
 27083 | Orc:2    | Found a one-way gate leading to the halls of Pandemonium.
 27199 | Orc:2    | Bought a scroll of blinking for 105 gold pieces
 27307 | Lair:1   | Entered Level 1 of the Lair of Beasts
 27316 | Lair:1   | Noticed equalderp2856's ghost (novice MiFi)
 27318 | Lair:1   | Killed equalderp2856's ghost
 27318 | Lair:1   | Reached skill level 10 in Ice Magic
 27388 | Lair:1   | Noticed Fannar
 27394 | Lair:1   | Killed Fannar
 27394 | Lair:1   | Reached ****** piety under Vehumet
 27492 | Lair:1   | Noticed Greyaxe's ghost (journeyman MiFi)
 27495 | Lair:1   | Killed Greyaxe's ghost
 29074 | Lair:2   | Gained mutation: You rapidly evolve. [evolution]
 29374 | Lair:3   | Noticed Rupert
 29390 | Lair:3   | Killed Rupert
 29621 | Lair:3   | Found a staircase to the Swamp.
 29653 | Lair:3   | Reached XP level 15. HP: 109/115 MP: 27/32
 30772 | Lair:4   | Found a staircase to the Snake Pit.
 30902 | Lair:4   | Reached skill level 10 in Shields
 32050 | Lair:5   | Offered knowledge of Bolt of Fire by Vehumet.
 32415 | Lair:5   | Learned a level 6 spell: Bolt of Fire
 33313 | Lair:6   | Entered Level 6 of the Lair of Beasts
 33313 | Lair:6   | Noticed Caractacus's ghost (journeyman MiFi)
 33493 | Lair:6   | Noticed vomix's ghost (journeyman MiBe)
 33495 | Lair:6   | Killed Caractacus's ghost
 33677 | Lair:6   | Killed vomix's ghost
 33694 | Lair:6   | Noticed dscm's ghost (journeyman DrTm)
 33807 | Lair:5   | Gained mutation: You have supernaturally acute eyesight. (SInv) [evolution]
 34236 | Lair:6   | Killed dscm's ghost
 35433 | Lair:6   | Offered knowledge of Ozocubu's Refrigeration by Vehumet.
 36781 | Lair:6   | Found a staircase to the Slime Pits.
 38214 | D:12     | Bought the +0 shield of the Gusle {MR++ Int+3} for 262 gold pieces
 38432 | Swamp:1  | Entered Level 1 of the Swamp
 39218 | Swamp:1  | Reached XP level 16. HP: 123/123 MP: 18/33
 39625 | Swamp:1  | Noticed a thorn hunter
 39754 | Swamp:1  | Offered knowledge of Conjure Ball Lightning by Vehumet.
 39821 | Swamp:1  | Killed a thorn hunter
 40333 | Swamp:1  | Reached skill level 15 in Shields
 40894 | Swamp:2  | Gained mutation: You are robust. (+10% HP) [evolution]
 43922 | Swamp:4  | Entered Level 4 of the Swamp
 43929 | Swamp:4  | Found a frozen archway.
 43948 | IceCv    | Entered an ice cave
 45001 | IceCv    | Noticed an Ice Fiend
 45214 | IceCv    | Killed an Ice Fiend
 45314 | IceCv    | Gained mutation: You have very sharp fingernails. [evolution]
 45438 | IceCv    | Got a coiled platinum ring
 45447 | IceCv    | Got a pair of pitted boots
 45448 | IceCv    | Identified the -4 pair of boots of Xeunip {Dex+2} (You found it in an ice cave)
 45453 | IceCv    | Got a pair of polished boots
 45454 | IceCv    | Identified the +0 pair of boots "Voyrphoj" {*Drain rN+ MP+9 Str+4} (You found it in an ice cave)
 45494 | IceCv    | Identified the ring "Nyable" {rElec MR+} (You found it in an ice cave)
 45754 | Swamp:4  | Noticed a thorn hunter
 46061 | Swamp:3  | Killed a thorn hunter
 46189 | Swamp:4  | Offered knowledge of Fire Storm by Vehumet.
 46189 | Swamp:4  | Offered knowledge of Glaciate by Vehumet.
 46189 | Swamp:4  | Offered knowledge of Chain Lightning by Vehumet.
 46189 | Swamp:4  | Reached XP level 17. HP: 151/151 MP: 3/35
 46735 | Swamp:4  | Learned a level 6 spell: Iron Shot
 46763 | Swamp:4  | Reached skill level 1 in Earth Magic
 47700 | Swamp:4  | Got a decaying rune of Zot
 47930 | Swamp:4  | Learned a level 3 spell: Ozocubu's Armour
 48227 | Swamp:4  | Reached skill level 15 in Spellcasting
 49426 | Swamp:2  | Gained mutation: You are very robust. (+20% HP) [evolution]
 49699 | Vaults:1 | Entered Level 1 of the Vaults
 51777 | Vaults:1 | Noticed Saint Roka
 51814 | Vaults:1 | Reached XP level 18. HP: 161/175 MP: 11/38
 51901 | Vaults:1 | Killed Saint Roka
 53590 | Vaults:1 | Gained mutation: You can translocate small distances at will. [evolution]
 54101 | Vaults:1 | Learned a level 7 spell: Spellforged Servitor
 54149 | Vaults:1 | Reached skill level 1 in Summonings
 55161 | Vaults:1 | Reached skill level 5 in Summonings
 55390 | Vaults:1 | Found a roughly hewn altar of Beogh.
 56238 | Vaults:2 | Found Qezolad's Assorted Antiques.
 56245 | Vaults:2 | Bought an embroidered hat for 287 gold pieces
 56256 | Vaults:2 | Bought a bloodstained falchion for 328 gold pieces
 56256 | Vaults:2 | Identified the +7 falchion "Dyfix" {slice, rF+++ Str-3 Dex-2 SInv} (You bought it in a shop on level 2 of the Vaults)
 56356 | Vaults:2 | Noticed shugdite's ghost (adept MiFi)
 56586 | Vaults:2 | Noticed Jorgrun
 56677 | Vaults:2 | Killed Jorgrun
 57019 | Vaults:2 | Found a staircase to the Crypt.
 57761 | Vaults:2 | Reached XP level 19. HP: 182/182 MP: 34/41
 58814 | Vaults:2 | Reached skill level 10 in Summonings
 59203 | Vaults:2 | Lost mutation: Your tail ends in a poisonous barb. [evolution]
 61221 | Vaults:3 | Noticed Mara
 61228 | Vaults:3 | Noticed IjonTichy1's illusion
 62038 | Vaults:3 | Noticed Xtahua
 62047 | Vaults:3 | Killed Xtahua
 62413 | Vaults:3 | Killed Mara
 62613 | Vaults:3 | Gained mutation: Your mind is acute. (Int +2) [evolution]
 63432 | Vaults:3 | Reached XP level 20. HP: 190/190 MP: 31/44
 63990 | Vaults:3 | Reached skill level 10 in Fighting
 64503 | Vaults:3 | Found Seolaugess's General Store.
 65325 | Vaults:3 | Found Uremubin's Magic Scroll Shop.
 65399 | Vaults:3 | Bought a scroll of acquirement for 780 gold pieces
 65558 | Vaults:3 | Bought a scroll of blinking for 112 gold pieces
 65558 | Vaults:3 | Bought a scroll of blinking for 112 gold pieces
 66572 | Vaults:4 | Got a warped triple crossbow
 66573 | Vaults:4 | Identified the +5 triple crossbow of Deflation {elec, Int+2} (You found it on level 4 of the Vaults)
 66646 | Vaults:4 | Gained mutation: You passively map a small area around you. [evolution]
 66736 | Vaults:4 | Reached skill level 10 in Fire Magic
 67040 | Vaults:4 | Found Pebb's Magic Scroll Boutique.
 69011 | Crypt:1  | Entered Level 1 of the Crypt
 69032 | Vaults:2 | Reached XP level 21. HP: 192/211 MP: 6/45
 69938 | Crypt:1  | Got a bloodstained flail
 69939 | Crypt:1  | Identified the +6 flail of Trial by Ordeal {crush, +Blink MR+ Str+4 SInv} (You found it on level 1 of the Crypt)
 70785 | Crypt:2  | Noticed an ancient lich
 70786 | Crypt:2  | Noticed an ancient lich
 70804 | Crypt:2  | Killed an ancient lich
 71573 | Snake:1  | Entered Level 1 of the Snake Pit
 71573 | Snake:1  | Noticed Louise
 71580 | Snake:1  | Killed Louise
 72796 | Snake:2  | Noticed Azrael
 72798 | Snake:2  | Killed Azrael
 73557 | Snake:2  | Gained mutation: You are extremely robust. (+30% HP) [evolution]
 74853 | Snake:3  | Reached skill level 15 in Conjurations
 74888 | Snake:3  | Learned a level 9 spell: Fire Storm
 75106 | Snake:4  | Entered Level 4 of the Snake Pit
 75233 | Snake:4  | Paralysed by a Zot trap for 3 turns
 76032 | Snake:4  | Reached XP level 22. HP: 243/243 MP: 39/46
 77357 | Snake:4  | Got a serpentine rune of Zot
 77810 | Orc:1    | Found a runed door.
 77977 | Orc:1    | Gained mutation: Your muscles are strong. (Str +2) [evolution]
 78479 | Orc:1    | Found a roughly hewn altar of Beogh.
 78756 | Elf:1    | Entered Level 1 of the Elven Halls
 79103 | Elf:1    | Found Esealack's Antique Armour Shop.
 79103 | Elf:1    | Found Retyliurro's Book Boutique.
 79280 | Elf:1    | Identified the Volume of Black Rites
 79288 | Elf:1    | Learned a level 5 spell: Dispel Undead
 79291 | Elf:1    | Learned a level 2 spell: Sublimation of Blood
 81536 | Elf:2    | Found a runed gate.
 81552 | Elf:2    | Found a runed gate.
 81554 | Elf:2    | Found a runed gate.
 82757 | Elf:3    | Entered Level 3 of the Elven Halls
 83106 | Elf:3    | Noticed feelmyfire's ghost (adept HOBe)
 83132 | Elf:3    | Killed feelmyfire's ghost
 83604 | Elf:3    | Reached XP level 23. HP: 231/250 MP: 45/48
 83930 | Elf:3    | Got a jewelled shield
 83931 | Elf:3    | Identified the +4 shield of the Big Bang {+Fly rElec} (You acquired it on level 3 of the Elven Halls)
 84129 | Elf:3    | Reached skill level 15 in Fire Magic
 84558 | Elf:3    | Got a smoking iron ring
 84559 | Elf:3    | Identified the ring "Ziet" {rPois Dex+2} (You took it off a deep elf blademaster on level 3 of the Elven Halls)
 84753 | Elf:3    | Got an ancient wooden ring
 84992 | Elf:3    | Identified the Reference Book on Conjuration
 85003 | Elf:3    | Identified the ring of Gestiezul {+Fly rC- rN+ Stlth+} (You took it off a deep elf mage on level 3 of the Elven Halls)
 85390 | Elf:3    | Learned a level 8 spell: Ignition
 85916 | Crypt:2  | Reached skill level 15 in Fighting
 86462 | Crypt:2  | Killed an ancient lich
 87008 | Crypt:2  | Got a dazzling flail
 87009 | Crypt:2  | Identified the +2 flail "Wula" {freeze, *Slow rPois rC+} (You found it on level 2 of the Crypt)
 87432 | Crypt:3  | Entered Level 3 of the Crypt
 87740 | Crypt:3  | Got a polished battleaxe
 87741 | Crypt:3  | Identified the +6 battleaxe of Perversion {chop, Str-4 Int+3} (You found it on level 3 of the Crypt)
 87938 | Crypt:3  | Got a twisted mace
 87939 | Crypt:3  | Identified the +3 mace of World Downfall {elec, rC+ Str+3 Dex-3} (You found it on level 3 of the Crypt)
 88282 | Crypt:3  | Found a staircase to the Tomb.
 88588 | Crypt:3  | Found an ancient bone altar of Kikubaaqudgha.
 88715 | Crypt:3  | Reached XP level 24. HP: 286/286 MP: 49/49
 88930 | Crypt:3  | Got a pitted shortbow
 88932 | Crypt:3  | Identified the +5 shortbow "Onaaskuh" {velocity, Str+3 Int+3} (You found it on level 3 of the Crypt)
 89396 | Crypt:3  | Learned a level 6 spell: Deflect Missiles
 89875 | Depths:1 | Entered Level 1 of the Depths
 89883 | Depths:1 | Noticed Sojobo
 89889 | Depths:1 | Killed Sojobo
 90282 | Depths:1 | Found a gateway to a ziggurat.
 90304 | Depths:1 | Identified a +1 pair of boots of running (You acquired it on level 1 of the Depths)
 90441 | Depths:1 | Noticed Bai Suzhen
 90450 | Depths:1 | Killed Bai Suzhen
 90563 | Depths:1 | Found a one-way gate to the infinite horrors of the Abyss.
 90690 | Depths:1 | Found a gateway to Hell.
 91682 | Depths:2 | Found Juedghit's Food Shoppe.
 92951 | Depths:2 | Reached XP level 25. HP: 293/293 MP: 29/49
 93262 | Depths:2 | Gained mutation: You have large cloven feet. [evolution]
 93265 | Depths:2 | Got a sparkling glass ring
 93681 | Depths:2 | Identified the ring of Traps {rN+ Int+3} (You found it on level 2 of the Depths)
 95377 | Depths:4 | Noticed Mennas
 95377 | Depths:4 | Noticed Margery
 95614 | Depths:4 | Noticed Jory
 95695 | Depths:4 | Killed Jory
 95921 | Depths:4 | Killed Margery
 96623 | Depths:4 | Killed Mennas
 96909 | Depths:4 | Learned a level 2 spell: Swiftness
 97086 | Depths:5 | Entered Level 5 of the Depths
 97395 | Depths:5 | Reached XP level 26. HP: 295/304 MP: 42/50
 98332 | Depths:4 | Lost mutation: You rapidly evolve. [decline of evolution]
 99356 | Depths:5 | Found a gate to the Realm of Zot.
 99700 | Vaults:5 | Entered Level 5 of the Vaults
100164 | Vaults:5 | Reached skill level 1 in Air Magic
100252 | Vaults:5 | Reached XP level 27. HP: 244/314 MP: 34/51
100522 | Vaults:5 | Reached skill level 5 in Air Magic
100654 | Vaults:5 | Reached skill level 5 in Charms
101447 | Vaults:5 | Got a silver rune of Zot
102146 | Vaults:5 | Got a pair of crude gloves
102147 | Vaults:5 | Identified the +0 pair of gloves of the True Pharaoh {MR+ SInv} (You found it on level 5 of the Vaults)
102169 | Vaults:5 | Lost mutation: You evolve. [end of evolution]
102273 | Vaults:2 | Killed shugdite's ghost
102539 | Zig:1    | Entered Level 1 of a ziggurat
102559 | Zig:2    | Entered Level 2 of a ziggurat
102581 | Zig:3    | Entered Level 3 of a ziggurat
102584 | Zig:3    | Noticed a juggernaut
102588 | Zig:3    | Killed a juggernaut
102656 | Zig:4    | Entered Level 4 of a ziggurat
102690 | Zig:5    | Entered Level 5 of a ziggurat
102720 | Zig:6    | Entered Level 6 of a ziggurat
102949 | Zig:7    | Entered Level 7 of a ziggurat
103003 | Zig:8    | Entered Level 8 of a ziggurat
103095 | Zig:9    | Entered Level 9 of a ziggurat
103157 | Zig:10   | Entered Level 10 of a ziggurat
103194 | Zig:10   | Identified the Disquisition on Creative Necromancy
103199 | Zig:10   | Got a heavily runed lapis lazuli ring
103218 | Zig:11   | Entered Level 11 of a ziggurat
103223 | Zig:11   | Noticed Naimigh the pandemonium lord
103225 | Zig:11   | Noticed Ufyomoce the pandemonium lord
103226 | Zig:11   | Noticed Voreimis the pandemonium lord
103227 | Zig:11   | Noticed Qyteighi the pandemonium lord
103229 | Zig:11   | Killed Voreimis the pandemonium lord
103234 | Zig:11   | Killed Qyteighi the pandemonium lord
103239 | Zig:11   | Killed Ufyomoce the pandemonium lord
103239 | Zig:11   | Reached skill level 27 in Spellcasting
103244 | Zig:11   | Killed Naimigh the pandemonium lord
103471 | Zig:11   | Identified the ring "Betatyr" {Wiz Str+5} (You found it on level 10 of a ziggurat)
103489 | Zig:11   | Identified Qetweopt's Volume of Burning Necromancy
103511 | Zig:12   | Entered Level 12 of a ziggurat
103758 | Zig:12   | Got a flickering bone amulet
103780 | Zig:13   | Entered Level 13 of a ziggurat
103867 | Zig:13   | Learned a level 9 spell: Tornado
103873 | Zig:13   | Got a faintly glowing copper amulet
103896 | Zig:13   | Reached skill level 15 in Air Magic
103911 | Zig:14   | Entered Level 14 of a ziggurat
103946 | Zig:14   | Identified the amulet of Myfoop {Spirit rElec Stlth+} (You found it on level 13 of a ziggurat)
103947 | Zig:14   | Identified the amulet "Sohel" {Reflect -Tele *Drain Str+6 SH+4 SInv} (You found it on level 12 of a ziggurat)
103958 | Zig:14   | Got a fine war axe
103973 | Zig:14   | Got a slimy whip
103974 | Zig:14   | Identified the +7 whip "Sirchori" {slash, rPois rN+ MR+} (You found it on level 14 of a ziggurat)
103985 | Zig:14   | Got a brightly glowing whip
104006 | Zig:15   | Entered Level 15 of a ziggurat
104319 | Zig:15   | Identified the +9 war axe of the Philosopher {chop, rPois} (You found it on level 14 of a ziggurat)
104336 | Zig:15   | Got a brightly glowing flail
104358 | Zig:16   | Entered Level 16 of a ziggurat
104419 | Zig:16   | Got a flickering golden amulet
104441 | Zig:16   | Learned a level 8 spell: Controlled Blink
104448 | Zig:16   | Got a twitching golden ring
104465 | Zig:16   | Got a twisted war axe
104473 | Zig:17   | Entered Level 17 of a ziggurat
104485 | Zig:17   | Reached skill level 1 in Translocations
104489 | Zig:17   | Reached skill level 5 in Translocations
104490 | Zig:17   | Noticed an ancient lich
104495 | Zig:17   | Killed an ancient lich
104865 | Zig:17   | Identified the Volume of Unholy Talismans
104878 | Zig:17   | Got a slimy iron amulet
104899 | Zig:17   | Got a jewelled long sword
104903 | Zig:18   | Entered Level 18 of a ziggurat
105003 | Zig:18   | Reached skill level 10 in Translocations
105005 | Zig:18   | Noticed Buuwnub the pandemonium lord
105020 | Zig:18   | Killed Buuwnub the pandemonium lord
105429 | Zig:18   | Identified Wooppoc's Almanac of Creative Weightlessness
105496 | Zig:18   | Identified the Reference Book on Necromancy and Weightlessness
105669 | D:12     | Bought a scroll of identify for 22 gold pieces
105669 | D:12     | Bought a scroll of fear for 38 gold pieces
105669 | D:12     | Bought a scroll of remove curse for 33 gold pieces
105669 | D:12     | Bought a scroll of identify for 22 gold pieces
105669 | D:12     | Bought a scroll of identify for 22 gold pieces
105669 | D:12     | Bought a scroll of identify for 22 gold pieces
105669 | D:12     | Bought 2 scrolls of identify for 44 gold pieces
105669 | D:12     | Identified the amulet of the Firefly {Gourm *Contam rN+ Str+4} (You found it on level 17 of a ziggurat)
105671 | D:12     | Identified the amulet of Vehumet's Hope {rC- Regen+ Int+7} (You found it on level 16 of a ziggurat)
105672 | D:12     | Identified the ring of the Burgomaster {rN+ MR+} (You found it on level 16 of a ziggurat)
105674 | D:12     | Identified the +8 flail "Soczesoc" {venom, Int+3} (You found it on level 15 of a ziggurat)
105676 | D:12     | Identified the cursed +0 long sword of Sin {drain, +Inv Int+3} (You found it on level 17 of a ziggurat)
105678 | D:12     | Identified the cursed +2 war axe of Kerfluffle {pain, MR- Str+4 Int+2 Stlth+} (You found it on level 16 of a ziggurat)
105702 | D:12     | Bought a scroll of identify for 24 gold pieces
105702 | D:12     | Bought a scroll of identify for 24 gold pieces
105702 | D:12     | Bought a scroll of identify for 24 gold pieces
105750 | D:12     | Bought a scroll of identify for 20 gold pieces
105750 | D:12     | Identified the +3 whip "Qazaxkoj" {freeze, +Blink MR+ Str+3} (You found it on level 14 of a ziggurat)
105815 | D:12     | You paid a toll of 7 scrolls of blinking to enter a treasure trove
105816 | Trove    | Entered a treasure trove
105829 | Trove    | Got a fine granite ring
105833 | Trove    | Got an ancient turquoise ring
105837 | Trove    | Got a flickering copper ring
105839 | Trove    | Got a twitching wooden ring
105845 | Trove    | Got a pitted sapphire amulet
105853 | Trove    | Got a shimmering pewter ring
105857 | Trove    | Got a transparent golden ring
105872 | D:12     | Identified the amulet "Dofudune" {Faith rF+ Int+2 Stlth+} (You found it in a treasure trove)
105873 | D:12     | Identified the ring of Autumn {Ice Str+5 Int-3} (You found it in a treasure trove)
105879 | D:12     | Identified the ring of Yredelemnul's Scorn {rPois MR+} (You found it in a treasure trove)
105987 | Orc:2    | Bought a scroll of identify for 28 gold pieces
105987 | Orc:2    | Bought a scroll of identify for 28 gold pieces
105987 | Orc:2    | Bought a scroll of identify for 28 gold pieces
105987 | Orc:2    | Bought a scroll of identify for 28 gold pieces
105987 | Orc:2    | Identified the ring of Monotheism {+Fly Dex+5} (You found it in a treasure trove)
105989 | Orc:2    | Identified the ring of Equivalence {rF+ MR+ Dex+6} (You found it in a treasure trove)
105992 | Orc:2    | Identified the ring "Sonuoq" {Dex+3 Slay+5} (You found it in a treasure trove)
105994 | Orc:2    | Identified the ring "Uthagor" {rCorr MR++ SInv} (You found it in a treasure trove)
106077 | D:12     | Bought a scroll of amnesia for 42 gold pieces
106088 | D:12     | Learned a level 9 spell: Glaciate
106540 | Zot:1    | Entered Level 1 of the Realm of Zot
109293 | Zot:2    | Reached skill level 15 in Translocations
109619 | Zot:2    | Reached skill level 15 in Ice Magic
112642 | Zot:5    | Entered Level 5 of the Realm of Zot
112949 | Zot:5    | Noticed an ancient lich
112952 | Zot:5    | Killed an ancient lich
113096 | Zot:5    | Noticed an ancient lich
113101 | Zot:5    | Killed an ancient lich
113841 | Zot:5    | Noticed an ancient lich
113843 | Zot:5    | Noticed an ancient lich
113845 | Zot:5    | Killed an ancient lich
113847 | Zot:5    | Killed an ancient lich
114013 | Zot:5    | Noticed an ancient lich
114016 | Zot:5    | Killed an ancient lich
114081 | Zot:5    | Noticed an orb of fire
114084 | Zot:5    | Lost mutation: You are agile. (Dex +2) [an orb of fire]
114085 | Zot:5    | Killed an orb of fire
114099 | Zot:5    | Noticed an orb of fire
114103 | Zot:5    | Killed an orb of fire
114103 | Zot:5    | Reached skill level 27 in Air Magic
114985 | Zot:5    | Noticed an orb of fire
114990 | Zot:5    | Killed an orb of fire
115068 | Zot:5    | Noticed an orb of fire
115068 | Zot:5    | Gained mutation: You are clumsy. (Dex -2) [an orb of fire]
115071 | Zot:5    | Gained mutation: Your tail ends in a poisonous barb. [an orb of fire]
115073 | Zot:5    | Killed an orb of fire
115519 | Zot:5    | Got the Orb of Zot
115663 | Depths:4 | Noticed Idwyhie the pandemonium lord
115899 | D:9      | Noticed Dawn the pandemonium lord
116149 | D:1      | Noticed Tinacuuq the pandemonium lord
116158 | D:1      | Killed Tinacuuq the pandemonium lord
116183 | D:1      | Noticed Zijoum the pandemonium lord
116189 | D:1      | Killed Zijoum the pandemonium lord
116265 | D:1      | Noticed a seraph
116269 | D:1      | Killed a seraph
116289 | D:$      | Escaped with the Orb!

Skill      XL: |  1  2  3  4  5  6  7  8  9 10 11 12 13 14 15 16 17 18 19 20 21 22 23 24 25 26 27 |
---------------+----------------------------------------------------------------------------------+-----
Stealth        | 2 |  2.0
Conjurations   | 2 3 4 5 6 8 10 12 13 15 16 17 18 20 21 22 | 22.0
Fire Magic     | 4 5 6 7 9 11 12 14 15 17 18 19 20 | 20.9
Spellcasting   | 3 4 5 6 7 9 11 13 14 16 18 20 21 22 23 24 27 | 27.0
Charms         | 3 4 5 |  5.4
Necromancy     | 3 |  3.1
Dodging        | 3 4 5 8 9 |  9.2
Fighting       | 3 4 6 9 12 13 18 | 18.8
Shields        | 1 8 9 14 15 | 15.0
Ice Magic      | 11 16 | 16.6
Earth Magic    | 2 |  2.1
Summonings     | 9 10 | 10.0
Air Magic      | 3 27 | 27.0
Translocations | 15 | 15.0

Action                   |  1- 3 |  4- 6 |  7- 9 | 10-12 | 13-15 | 16-18 | 19-21 | 22-24 | 25-27 || total
-------------------------+-------+-------+-------+-------+-------+-------+-------+-------+-------++-------
Melee: Unarmed           |    23 |       |       |       |       |       |       |       |       ||    23
       Whip              |     4 |    35 |       |       |       |       |       |       |       ||    39
       Tailslap          |     2 |     7 |    15 |    42 |    34 |    55 |     9 |    25 |    22 ||   211
       Short sword       |       |    21 |       |   194 |   205 |   237 |    41 |    96 |    80 ||   874
       Dagger            |       |     5 |   125 |    50 |       |       |       |       |       ||   180
       Flail             |       |     1 |    24 |       |       |       |       |       |       ||    25
 Cast: Flame Tongue      |    53 |    98 |   130 |    15 |     1 |       |       |       |       ||   297
       Sticky Flame      |       |     2 |    30 |    14 |     3 |       |       |       |       ||    49
       Throw Flame       |       |     4 |    97 |     1 |       |       |       |       |       ||   102
       Fireball          |       |       |       |   118 |   182 |   235 |    75 |    62 |       ||   672
       Bolt of Magma     |       |       |       |   210 |   243 |       |       |       |       ||   453
       Static Discharge  |       |       |       |     4 |     3 |     3 |       |       |       ||    10
       Regeneration      |       |       |       |     1 |     1 |       |     1 |       |    10 ||    13
       Conjure Flame     |       |       |       |     1 |       |       |       |       |       ||     1
       Blink             |       |       |       |     3 |     4 |     3 |     5 |       |     5 ||    20
       Orb of Destructio |       |       |       |       |    74 |    73 |    20 |     3 |       ||   170
       Freezing Cloud    |       |       |       |       |     5 |     7 |     9 |     2 |     5 ||    28
       Bolt of Fire      |       |       |       |       |   178 |   477 |   787 |   538 |   235 ||  2215
       Iron Shot         |       |       |       |       |       |    16 |    93 |   166 |   423 ||   698
       Ozocubu's Armour  |       |       |       |       |       |     1 |       |       |       ||     1
       Spellforged Servi |       |       |       |       |       |     1 |     3 |     1 |     1 ||     6
       Dispel Undead     |       |       |       |       |       |       |       |   260 |    42 ||   302
       Ignition          |       |       |       |       |       |       |       |    68 |   205 ||   273
       Sublimation of Bl |       |       |       |       |       |       |       |     1 |     4 ||     5
       Fire Storm        |       |       |       |       |       |       |       |       |   126 ||   126
       Glaciate          |       |       |       |       |       |       |       |       |   151 ||   151
       Tornado           |       |       |       |       |       |       |       |       |    30 ||    30
       Deflect Missiles  |       |       |       |       |       |       |       |       |     3 ||     3
       Controlled Blink  |       |       |       |       |       |       |       |       |     1 ||     1
 Abil: Breathe Lightning |       |       |     2 |     1 |     2 |       |     1 |     1 |       ||     7
       Fly               |       |       |       |       |     1 |       |       |       |       ||     1
Evoke: Wand              |       |       |       |     1 |     3 |     2 |       |     4 |     2 ||    12
  Use: Scroll            |     4 |     4 |    14 |    10 |    12 |    20 |    16 |    21 |    33 ||   134
       Potion            |       |       |    11 |       |     4 |     1 |     2 |     2 |    25 ||    45
 Stab: Sleeping          |       |     1 |     2 |     1 |       |       |       |       |       ||     4
       Invisible         |       |       |     2 |       |       |       |       |       |       ||     2
       Distracted        |       |       |       |       |     1 |       |       |       |       ||     1
  Eat: Chunk             |     3 |     3 |    12 |    86 |   116 |    65 |    32 |    14 |    21 ||   352
       Fruit             |       |     6 |     1 |       |     1 |       |     9 |    11 |    15 ||    43
       Royal jelly       |       |       |     1 |       |       |       |       |       |       ||     1
       Bread ration      |       |       |     2 |       |     1 |     4 |       |       |     4 ||    11
       Meat ration       |       |       |       |     1 |     4 |     7 |     3 |     6 |     5 ||    26
Armor: Skin              |    20 |    35 |   108 |   121 |   128 |   104 |    54 |    82 |   180 ||   832
Dodge: Dodged            |    33 |    86 |   181 |   249 |   304 |   310 |   166 |   218 |   447 ||  1994
       Deflected         |       |       |       |       |       |       |       |       |    15 ||    15
Block: Buckler           |       |       |       |   101 |   168 |       |       |       |       ||   269
       Shield            |       |       |       |       |    32 |   382 |   194 |   229 |   428 ||  1265
       Rpst.: Falchion   |       |       |       |       |       |       |     1 |       |       ||     1
